 Dungeon Crawl Stone Soup version 0.20.1 (webtiles) character file.

812 pib the Ruffian (level 7, -4/68 HPs)
             Began as a Troll Monk on July 2, 2017.
             Was a Believer of the Shining One.
             Slain by Prince Ribbit (17 damage)
             ... on level 5 of the Dungeon.
             The game lasted 00:07:57 (2932 turns).

pib the Ruffian (Troll Monk)                        Turns: 2932, Time: 00:07:57

Health: -4/68      AC:  5    Str: 22    XL:     7   Next: 61%
Magic:  8/8        EV: 11    Int:  6    God:    the Shining One [**....]
Gold:   151        SH:  0    Dex: 12    Spells: 6/6 levels left

rFire    . . .     SeeInvis .     - Unarmed
rCold    + . .     Gourm    +   (no shield)
rNeg     + . .     Faith    .   a - +0 robe
rPois    .         Spirit   .   (helmet restricted)
rElec    .         Reflect  .   (no cloak)
rCorr    .         Harm     .   (gloves unavailable)
MR       .....                  (boots unavailable)
Stlth    +.........             (no amulet)
Regen    0.7/turn               t - ring of protection from cold
MPRegen  0.2/turn               (no ring)

@: glowing
A: unfitting armour, claws 3, fast metabolism 3, gourmand, regeneration 1,
shaggy fur 1, tough skin 2
a: Divine Shield, Renounce Religion


You were on level 5 of the Dungeon.
You worshipped the Shining One.
The Shining One was pleased with you.
You were very full.

You visited 1 branch of the dungeon, and saw 5 of its levels.

You collected 217 gold pieces.
You spent 66 gold pieces at shops.

Inventory:

Missiles
 f - a throwing net (quivered)
Armour
 a - a +0 robe (worn)
Jewellery
 t - a ring of protection from cold (left claw)
Wands
 m - a wand of flame (33/48)
Scrolls
 h - a scroll of magic mapping
 i - 3 scrolls of identify
 o - a scroll of enchant weapon {unknown}
 p - a scroll of amnesia {unknown}
 q - a scroll of teleportation {unknown}
 r - a scroll of remove curse
 s - a scroll of blinking {unknown}
Potions
 c - a potion of might {unknown}
 d - 2 potions of curing
 e - a potion of haste {unknown}
 j - a potion of agility {unknown}
 k - 2 potions of lignification {unknown}
 l - a potion of magic {unknown}
 n - a potion of flight {unknown}
Comestibles
 b - 4 bread rations
 g - a royal jelly


   Skills:
 + Level 3.9 Fighting
 - Level 0.1 Armour
 + Level 3.9 Dodging
 - Level 1.0 Stealth
 * Level 6.3 Unarmed Combat
 + Level 3.1 Invocations


You had 6 spell levels left.
You didn't know any spells.

Dungeon Overview and Level Annotations

Branches:
Dungeon (5/15)
 Temple: D:4-7

Altars:
Dithmenos
The Shining One

Shops:
D:4 ***

Annotations:
D:2 Sigmund
D:5 Prince Ribbit


Innate Abilities, Weirdness & Mutations

You are too large for most types of armour.
You have claws for hands.
Your metabolism is lightning-fast.
You like to eat raw meat.
Your natural rate of healing is unusually fast.
You are covered in fur. (AC +1)
You have very tough skin. (AC +2)


Message History

Prince Ribbit hits you!
* * * LOW HITPOINT WARNING * * *
It was a potion of curing.
You feel better. Prince Ribbit closely misses you.
You scratch Prince Ribbit.
Prince Ribbit is heavily wounded.
Prince Ribbit hits you! The Shining One protects you from harm!
Prince Ribbit asks, "Just a little smooch?"
Prince Ribbit closely misses you.
You claw Prince Ribbit! Your claw misses Prince Ribbit.
Prince Ribbit is almost dead.
Prince Ribbit hits you!
* * * LOW HITPOINT WARNING * * *
You feel better.
Prince Ribbit casts a spell.
Prince Ribbit looks slightly unstable.
You barely miss Prince Ribbit.
Prince Ribbit is almost dead.
Prince Ribbit hits you!
You die...

#.##..#........#
#. ##.#.##.###.#
#. #.#.##.# #.# #.
#.#.##.###.#######
#...##............
##..##............
#..##............
#..##....F.......
##.##....@.!.....
#.##....<.......
#..#.#####.#####
..# .# #


You could see Prince Ribbit.

Vanquished Creatures
  A slave (D:4)
  2 phantoms (D:4)
  Blork the orc (D:5)
  A scorpion (D:4)
  The ghost of taytron the Caller, a weakling MfSu of Zin (D:3)
  A howler monkey (D:5)
  A crimson imp (D:3)
  A hound (D:4)
  Ijyb (D:4)
  5 worker ants
  Natasha (twice) (D:3)
  Terence (D:2)
  3 gnolls (D:5)
  9 adders
  2 orcs
  4 giant cockroaches
  3 goblins
  10 hobgoblins
  4 jackals (D:3)
  3 quokkas
  A ball python (D:2)
  10 bats
  4 frilled lizards
  A kobold (D:3)
  A quokka skeleton (D:5)
  5 rats
78 creatures vanquished.

Notes
Turn   | Place    | Note
-------+----------+-------------------------------------------
     0 | D:1      | pib the Troll Monk began the quest for the Orb.
     0 | D:1      | Reached XP level 1. HP: 22/22 MP: 0/0
   326 | D:1      | Reached XP level 2. HP: 29/29 MP: 1/1
   387 | D:1      | Found a glowing golden altar of the Shining One.
   509 | D:1      | Became a worshipper of the Shining One
   509 | D:1      | Reached * piety under the Shining One
   509 | D:1      | Reached ** piety under the Shining One
   712 | D:2      | Found a shadowy altar of Dithmenos.
   733 | D:2      | Reached XP level 3. HP: 33/36 MP: 2/2
   974 | D:2      | Noticed Sigmund
  1029 | D:2      | Noticed Terence
  1035 | D:2      | Killed Terence
  1035 | D:2      | Reached skill level 4 in Unarmed Combat
  1037 | D:2      | Reached XP level 4. HP: 42/44 MP: 3/3
  1108 | D:3      | Reached skill level 1 in Invocations
  1274 | D:3      | Reached XP level 5. HP: 52/52 MP: 5/5
  1281 | D:3      | Noticed taytron's ghost (weakling MfSu)
  1292 | D:3      | Killed taytron's ghost
  1401 | D:3      | Noticed Natasha
  1408 | D:3      | Killed Natasha
  1487 | D:3      | Noticed Natasha
  1494 | D:3      | Killed Natasha
  1567 | D:4      | Reached skill level 5 in Unarmed Combat
  1567 | D:4      | Reached XP level 6. HP: 39/61 MP: 6/6
  1657 | D:4      | Noticed Ijyb
  1661 | D:4      | Killed Ijyb
  1838 | D:4      | Found Hosead's General Store.
  1843 | D:4      | Found Hats's General Store.
  2030 | D:4      | Reached XP level 7. HP: 65/67 MP: 8/8
  2466 | D:4      | Reached skill level 6 in Unarmed Combat
  2506 | D:4      | Found Peptutt's General Store.
  2509 | D:4      | Bought a scroll of magic mapping for 42 gold pieces
  2509 | D:4      | Bought a scroll of identify for 24 gold pieces
  2554 | D:5      | Entered Level 5 of the Dungeon
  2632 | D:5      | Noticed Blork the orc
  2635 | D:5      | Killed Blork the orc
  2659 | D:5      | Got a scorched quarterstaff
  2660 | D:5      | Identified the +4 quarterstaff of Foolhardiness {drain, -Tele +Fly rPois} (You found it on level 5 of the Dungeon)
  2782 | D:5      | Noticed Prince Ribbit
  2927 | D:5      | HP: 1/68 [Prince Ribbit (17)]
  2929 | D:5      | The Shining One protects you from harm!
  2932 | D:5      | Slain by Prince Ribbit

Skill      XL: |  1  2  3  4  5  6  7 |
---------------+----------------------+-----
Unarmed Combat | 4 5 6 |  6.3
Invocations    | 1 2 3 |  3.1
Fighting       | 3 |  3.9
Dodging        | 3 |  3.9
Armour         | |  0.1
Stealth        | |  1.0

Action                   |  1- 3 |  4- 6 |  7- 9 || total
-------------------------+-------+-------+-------++-------
Melee: Unarmed           |    60 |   102 |    57 ||   219
       Punch             |     2 |     2 |       ||     4
Invok: Divine Shield     |       |       |     1 ||     1
  Use: Scroll            |     1 |     1 |     1 ||     3
       Potion            |       |       |     2 ||     2
 Stab: Sleeping          |     1 |       |       ||     1
  Eat: Chunk             |    14 |    10 |     7 ||    31
Armor: Robe              |    33 |    29 |     8 ||    70
Dodge: Dodged            |    50 |    48 |    22 ||   120
